 Dungeon Crawl Stone Soup version 0.17-a0-1186-gbffdd7f (webtiles) character file.

144 Cryogen the Cudgeler (level 5, -6/57 HPs)
             Began as an Ogre Berserker on June 1, 2015.
             Was a Believer of Trog.
             Mangled by a gnoll
             ... wielding a +0 club
              (8 damage)
             ... on level 4 of the Dungeon.
             The game lasted 00:10:38 (2251 turns).

Cryogen the Cudgeler (Ogre Berserker)               Turns: 2251, Time: 00:10:39

Health: -6/57      AC:  3    Str: 22      XL:     5   Next: 27%
Magic:  5/5        EV: 11    Int:  5 (6)  God:    Trog [**....]
Gold:   153        SH:  0    Dex: 10      Spells: 0 memorised, 4 levels left

rFire  . . .     SeeInvis .     a - +0 mace
rCold  . . .     Clarity  .     b - +0 animal skin
rNeg   + . .     SustAt   +     (no shield)
rPois  .         Gourm    .     (helmet restricted)
rElec  .         Spirit   .     (no cloak)
rCorr  .         Warding  .     (gloves unavailable)
rMut   .         Stasis   .     (boots unavailable)
MR     .....                    (no amulet)
Stlth  +.........               m - ring of positive energy
                                e - ring of sustain attributes

@: exhausted, flying, slowed, very slow, not resistant to hostile enchantments,
very unstealthy
A: unfitting armour, tough skin 1
a: Burn Spellbooks, Berserk, Trog's Hand, Renounce Religion


You were on level 4 of the Dungeon.
You worshipped Trog.
Trog was pleased with you.
You were hungry.

You visited 1 branch of the dungeon, and saw 4 of its levels.

You collected 153 gold pieces.

Inventory:

Hand weapons
 a - a +0 mace (weapon)
Armour
 b - a +0 animal skin (worn)
Jewellery
 e - a ring of sustain attributes (left hand)
 j - an uncursed amulet of resist corrosion {unknown}
 m - a ring of positive energy (right hand)
 t - a cursed ring of loudness {unknown}
 u - an uncursed ring of protection from magic {unknown}
Magical devices
 q - a wand of slowing (13)
Scrolls
 g - a scroll of amnesia {unknown}
 h - 2 scrolls of identify {unknown}
 k - a scroll of noise {unknown}
 l - 2 scrolls of fog {unknown}
 n - 3 scrolls of remove curse {unknown}
 p - a scroll of enchant armour {unknown}
 r - 3 scrolls of enchant weapon {unknown}
 s - a scroll of blinking {unknown}
 x - a scroll of random uselessness {unknown}
Potions
 d - a potion of lignification {unknown}
 f - a potion of degeneration
 i - a potion of curing {unknown}
 o - a potion of poison {unknown}
Comestibles
 c - 2 bread rations
 w - a slice of pizza


   Skills:
 + Level 5.1 Fighting
 * Level 5.3 Maces & Flails
 * Level 4.0 Dodging
 + Level 0.3 Stealth


You had 4 spell levels left.
You didn't know any spells.

Dungeon Overview and Level Annotations

Branches:
Dungeon (4/15)
 Temple: D:4-7

Altars:
Cheibriados


Innate Abilities, Weirdness & Mutations

You are too large for most types of armour.
You have tough skin (AC +1).


Message History

You feel yourself slow down.
You are feeling hungry.
The gnoll hits you with a club.
* * * LOW HITPOINT WARNING * * *
Your skin stops crawling.
You feel less resistant to hostile enchantments.
You see here a spear.
The gnoll hits you with a club.
* * * LOW HITPOINT WARNING * * *
Things that are here:
a club; a gnoll corpse It was a potion of degeneration.
There was something very wrong with that liquid.
You feel somewhat dopey.
The phantom blinks!
The gnoll barely misses you.
It was a potion of flight.
You feel very buoyant.
You fly up into the air.
The gnoll hits you but does no damage. The gnoll hits you with a club!
You die...

## .# #. .#
#.######.##
#.........#
#.........#
##.#......####
#.#)#........ .
#.#g#)#....#+ ..
#.#@#.. ...#
...####.#.#...
###
........#.#....
<.......#.#....#
....)...#.#.#...
......#.#.#.####.
......#.#.#
#######.#.#
#+#######.#..


You could see a gnoll.

Vanquished Creatures
  An orc wizard (D:3)
  4 adders (D:3)
  3 gnolls (D:4)
  4 giant geckos
  6 orcs (D:3)
  2 bats (D:3)
  7 goblins
  8 hobgoblins
  3 jackals (D:2)
  4 kobolds
  4 giant newts
  2 rats
48 creatures vanquished.

Notes
Turn   | Place    | Note
--------------------------------------------------------------
     0 | D:1      | Cryogen the Ogre Berserker began the quest for the Orb.
     0 | D:1      | Reached XP level 1. HP: 24/24 MP: 1/1
   279 | D:1      | Reached XP level 2. HP: 32/32 MP: 2/2
  1043 | D:2      | You fall through a shaft!
  1276 | D:2      | Acquired Trog's second power
  1276 | D:2      | Reached XP level 3. HP: 39/39 MP: 3/3
  1389 | D:3      | Reached skill level 5 in Maces & Flails
  1389 | D:3      | Reached XP level 4. HP: 29/49 MP: 4/4
  1485 | D:3      | Found a snail-covered altar of Cheibriados.
  2146 | D:3      | Reached XP level 5. HP: 55/55 MP: 5/5
  2217 | D:4      | Reached skill level 5 in Fighting
  2226 | D:4      | Noticed a phantom
  2248 | D:4      | HP: 1/57 [gnoll/club (6)]
  2251 | D:4      | Mangled by a gnoll

Vault maps used:
D:1:      minmay_arrival_arboretum_large
D:3:      overflow_temple_1_default
D:4:      serial_shops, kennysheep_mini, kennysheep_little_box

Action                   |  1- 3 |  4- 6 || total
-------------------------+-------+-------++-------
Melee: Mace              |    77 |    84 ||   161
Invok: Burn Spellbooks   |     1 |       ||     1
       Berserk           |       |     1 ||     1
       Trog's Hand       |       |     1 ||     1
  Use: Potion            |       |     2 ||     2
 Stab: Sleeping          |       |     1 ||     1
  Eat: Meat ration       |     1 |       ||     1
